 Dungeon Crawl Stone Soup version 0.30-a0-354-g6b83867211 (webtiles) character file.

Game seed: 9138137110506644556

175 RascalDebosk the Digger (level 5, 0/41 HPs)
             Began as a Gnoll Wanderer on Nov 7, 2022.
             Slain by a river rat (6 damage)
             ... in a sewer.
             The game lasted 00:27:47 (2886 turns).

RascalDebosk the Digger (Gnoll Wanderer)            Turns: 2886, Time: 00:27:48

Health: 0/41       AC:  3    Str: 14    XL:     5   Next: 55%
Magic:  7/9        EV: 11    Int: 12    God:
Gold:   165        SH:  4    Dex: 10    Spells: 7/10 levels left

rFire   . . .      SeeInvis .    u - +0 war axe
rCold   . . .      Faith    .    d - +0 buckler
rNeg    . . .      Spirit   .    c - +0 leather armour
rPois   .          Reflect  .    (no helmet)
rElec   .          Harm     .    (no cloak)
rCorr   .          Rampage  .    (no gloves)
Will    +....                    (no boots)
Stlth   +.........               (no amulet)
HPRegen 0.26/turn                n - ring of willpower
MPRegen 0.11/turn                t - ring of flight

@: flying
A: fangs 1, strong nose, distributed training
a: no special abilities


You were in a sewer.
You visited 1 branch of the dungeon, and saw 4 of its levels.
You also visited: Sewer.

You collected 165 gold pieces.

Inventory:

Hand Weapons
 f - a +0 spear
 u - a +0 war axe (weapon)
Missiles
 a - 10 javelins
 g - 7 poisoned darts
 m - a throwing net {@!f}
Armour
 c - a +0 leather armour (worn)
 d - a +0 buckler (worn)
 w - a +0 helmet
Magical Staves
 o - a staff of earth
 s - a staff of poison
Jewellery
 n - a ring of willpower (left hand)
 r - a ring of resist corrosion
 t - a ring of flight (right hand)
Scrolls
 h - 2 scrolls of fog {unknown}
 i - a scroll of identify
 j - a scroll of enchant armour {unknown}
 k - a scroll of silence {unknown}
 v - a scroll of blinking {unknown}
Potions
 b - 2 potions of lignification
 e - 2 potions of curing
 l - a potion of mutation
 p - 2 potions of attraction


   Skills:
 + Level 3.0 Fighting
 + Level 1.6 Short Blades
 + Level 1.6 Long Blades
 + Level 1.6 Axes
 + Level 1.6 Maces & Flails
 + Level 1.6 Polearms
 + Level 1.6 Staves
 + Level 1.6 Ranged Weapons
 + Level 1.6 Throwing
 + Level 1.6 Armour
 + Level 1.6 Dodging
 + Level 1.6 Stealth
 + Level 3.0 Shields
 + Level 1.6 Unarmed Combat
 + Level 3.2 Spellcasting
 + Level 1.3 Conjurations
 + Level 1.3 Hexes
 + Level 1.3 Summonings
 + Level 5.6 Necromancy
 + Level 1.3 Translocations
 + Level 1.3 Transmutations
 + Level 1.3 Fire Magic
 + Level 1.3 Ice Magic
 + Level 1.3 Air Magic
 + Level 5.6 Earth Magic
 + Level 1.3 Poison Magic
 + Level 1.8 Invocations
 + Level 3.0 Evocations


You had 7 spell levels left.
You knew the following spells:

 Your Spells              Type           Power      Damage    Failure   Level
a - Sandblast             Erth           30%        2d9       4%          1
b - Cigotuvi's Dreadful   Necr/Pois/Air  16%        N/A       21%         2

Your spell library contained the following spells:

 Spells                   Type           Power      Damage    Failure   Level
 Sublimation of Blood     Necr           15%        N/A       6%          2
 Freeze                   Ice            20%        1d4       24%         1
 Frozen Ramparts          Ice            10%        1d2       56%         3
 Hailstorm                Conj/Ice       5%         3d4       56%         3
 Summon Guardian Golem    Hex/Summ       5%         N/A       56%         3
 Animate Armour           Summ/Erth      20%        N/A       67%         4
 Petrify                  Tmut/Erth      10%        N/A       67%         4
 Orb of Destruction       Conj           2%         9d5       100%        7
 Spellforged Servitor     Conj/Summ      2%         N/A       100%        7


Dungeon Overview and Level Annotations

Branches:
Dungeon (4/15)              Sewer (1/1)
 Temple: D:4-7

Altars:


Innate Abilities, Weirdness & Mutations

You have very sharp teeth.
Your uncanny sense of smell can sniff out nearby items.
Your experience applies equally to all skills.


Message History

A bat comes into view.
A frilled lizard comes into view.
Your magical contamination has completely faded away.
You slash the bat!
You kill the bat!
You reach down and open the large door.
Found 2 potions of degeneration, a scroll of noise and a helmet.
There is a large open door here.
You see here a +0 helmet.
w - a +0 helmet You see here a potion of degeneration.
x - a potion of degeneration
x - 2 potions of degeneration (gained 1)
You see here a scroll of noise.
y - a scroll of noise
Okay, then.
You drop a scroll of noise.
You drop 2 potions of degeneration.
There is a large open door here.
You reach down and open the large door.
Found 45 gold pieces.
There is a large open door here.
You now have 131 gold pieces (gained 11).
You now have 140 gold pieces (gained 9).
You now have 151 gold pieces (gained 11).
You now have 165 gold pieces (gained 14).
There is a large open door here.
Found two gates leading back out of this place.
You reach down and open the large door. 2 adders come into view.
The adder hisses angrily. x2
The adder barely misses you.
Aiming: Sandblast (safe; 4% risk of failure)
Press: ? - help, Q - select action, (/) - cycle Shift-Dir - straight line, f - adder
Aim: an adder (70% to hit)
The blast of sand hits the adder!
You kill the adder!
The adder barely misses you.
Aiming: Sandblast (safe; 4% risk of failure)
Press: ? - help, Q - select action, (/) - cycle Shift-Dir - straight line, f - adder
Aim: an adder (70% to hit)
The blast of sand hits the adder!
You kill the adder!
As you open the large door, it creaks loudly! 3 river rats come into view.
You hit the river rat but do no damage. You closely miss the river rat.
The river rat twitches its whiskers.
The river rat bites you! The river rat closely misses you.
The river rat completely misses you. The river rat bites you.
You closely miss the river rat. Your bite misses the river rat.
You closely miss the river rat. x2; The river rat bites you.
The river rat closely misses you. x2
You closely miss the river rat. You hit the river rat.
You closely miss the river rat. The river rat misses you.
The river rat closely misses you. The river rat bites you. x2
The river rat bites you but does no damage.
The river rat barely misses you.
You hit the river rat.
The river rat is heavily wounded.
You hit the river rat but do no damage. You barely miss the river rat.
The river rat bites you.
* * * LOW HITPOINT WARNING * * *
The river rat closely misses you. You block the river rat's attack.
You hit the river rat but do no damage.
The river rat is heavily wounded.
You barely miss the river rat. You hit the river rat.
The river rat barely misses you. The river rat completely misses you.
You block the river rat's attack. The river rat closely misses you.
You block the river rat's attack. x2
You closely miss the river rat.
The river rat is heavily wounded.
You hit the river rat. x2; The river rat bites you.
* * * LOW HITPOINT WARNING * * *
The river rat bites you!
* * * LOW HITPOINT WARNING * * *
The river rat bites you.
* * * LOW HITPOINT WARNING * * *
You feel much better. You block the river rat's attack.
The river rat bites you. The river rat barely misses you.
Aiming: Sandblast (safe; 4% risk of failure)
Press: ? - help, Q - select action, (/) - cycle Shift-Dir - straight line, f - river rat
Aim: a river rat (heavily wounded, 80% to hit)
The blast of sand hits the river rat but does no damage.
The river rat is heavily wounded.
The river rat bites you. The river rat barely misses you.
The river rat bites you!
* * * LOW HITPOINT WARNING * * *
The river rat bites you!
* * * LOW HITPOINT WARNING * * *
The river rat bites you but does no damage.
The river rat twitches its whiskers.
The river rat bites you.
* * * LOW HITPOINT WARNING * * *
Aiming: Sandblast (safe; 4% risk of failure)
Press: ? - help, Q - select action, (/) - cycle Shift-Dir - straight line, f/p - river rat
Aim: a river rat (heavily wounded, 80% to hit)
The blast of sand hits the river rat but does no damage.
The river rat is heavily wounded.
The river rat bites you.
You die...

#.≈~# #~≈.#
#~≈~# ####
#~≈~# #∩∩#
#~≈~# #..#
#~≈~####..###
#~≈~##.#..#.#
#~≈.##.r..'.#
#.≈~##.r@.†.#
#~≈~##.#r.#.#
#~≈~## #..#
#~≈~# #..#
#~≈~####..###
#~≈~##.#..#.#
#.≈~##.'..'.#
#~≈~##.'..'.#
#~≈.##!#..#.#


You could see 3 river rats.

Vanquished Creatures
  A hound (D:4)
  An orc wizard (D:4)
  6 adders
  A dart slug (D:2)
  2 orcs
  9 ball pythons
  6 bats
  2 endoplasms
  5 giant cockroaches
  6 hobgoblins
  6 quokkas
  3 frilled lizards
  4 goblins (D:1)
  5 kobolds
  6 rats
63 creatures vanquished.

Notes
Turn   | Place    | Note
-------+----------+-------------------------------------------
     0 | D:1      | RascalDebosk the Gnoll Wanderer began the quest for the
                  | Orb.
     0 | D:1      | RascalDebosk set off with the following items: a +0 club, a
                  | potion of lignification, a +0 leather armour, a +0 buckler;
                  | and the following spell memorised: Sandblast; and the
                  | following spells available to memorise: Sublimation of
                  | Blood, Cigotuvi's Dreadful Rot, Animate Armour, Petrify.
     0 | D:1      | Reached XP level 1. HP: 17/17 MP: 4/4
   158 | D:1      | Reached XP level 2. HP: 17/23 MP: 1/5
   288 | D:1      | Learned a level 2 spell: Cigotuvi's Dreadful Rot
   529 | D:1      | Reached XP level 3. HP: 19/26 MP: 7/7
  1125 | D:2      | Reached skill level 1 in Invocations
  1802 | D:3      | Found a faded altar of an unknown god.
  1879 | D:3      | Reached skill level 1 in Short Blades
  1879 | D:3      | Reached skill level 1 in Long Blades
  1879 | D:3      | Reached skill level 1 in Axes
  1879 | D:3      | Reached skill level 1 in Maces & Flails
  1879 | D:3      | Reached skill level 1 in Polearms
  1879 | D:3      | Reached skill level 1 in Staves
  1879 | D:3      | Reached skill level 1 in Ranged Weapons
  1879 | D:3      | Reached skill level 1 in Throwing
  1879 | D:3      | Reached skill level 1 in Armour
  1879 | D:3      | Reached skill level 1 in Dodging
  1879 | D:3      | Reached skill level 1 in Stealth
  1879 | D:3      | Reached skill level 1 in Unarmed Combat
  1953 | D:3      | Reached XP level 4. HP: 34/34 MP: 5/8
  2328 | D:3      | Reached skill level 1 in Conjurations
  2328 | D:3      | Reached skill level 1 in Hexes
  2328 | D:3      | Reached skill level 1 in Summonings
  2328 | D:3      | Reached skill level 1 in Translocations
  2328 | D:3      | Reached skill level 1 in Transmutations
  2328 | D:3      | Reached skill level 1 in Fire Magic
  2328 | D:3      | Reached skill level 1 in Ice Magic
  2328 | D:3      | Reached skill level 1 in Air Magic
  2328 | D:3      | Reached skill level 1 in Poison Magic
  2494 | D:4      | Reached XP level 5. HP: 41/41 MP: 7/9
  2638 | D:4      | Found a glowing drain.
  2656 | Sewer    | Entered a sewer
  2886 | Sewer    | Slain by a river rat

Illustrated notes

Levels and vault maps discovered:
D:1:      ncdulo_watergridlock, layout_basic, serial_forest,
          infiniplex_forest_corner_1, infiniplex_forest_clump_double,
          infiniplex_forest_clump_small, infiniplex_forest_lined_2,
          infiniplex_forest_straight_5, infiniplex_forest_clump_small,
          minmay_pentomino_o4
D:2:      layout_basic
D:3:      layout_basic, ebering_ecumenical_altar_abandoned,
          minmay_misc_feat_more_columns
D:4:      layout_loops_ring, mainiacjoe_overflow_24_doors, portal_sewer_entry_f,
          uniq_crazy_yiuf_cottage
Sewer:    sewer_fruit_machine

Skill      XL: |  1  2  3  4 |
---------------+-------------+-----
Invocations    | 1 |  1.8
Short Blades   | 1 |  1.6
Long Blades    | 1 |  1.6
Axes           | 1 |  1.6
Maces & Flails | 1 |  1.6
Polearms       | 1 |  1.6
Staves         | 1 |  1.6
Ranged Weapons | 1 |  1.6
Throwing       | 1 |  1.6
Armour         | 1 |  1.6
Dodging        | 1 |  1.6
Stealth        | 1 |  1.6
Unarmed Combat | 1 |  1.6
Spellcasting   | 3 |  3.2
Conjurations   | 1 |  1.3
Hexes          | 1 |  1.3
Summonings     | 1 |  1.3
Translocations | 1 |  1.3
Transmutations | 1 |  1.3
Fire Magic     | 1 |  1.3
Ice Magic      | 1 |  1.3
Air Magic      | 1 |  1.3
Poison Magic   | 1 |  1.3
Fighting       | 3 |  3.0
Shields        | 3 |  3.0
Evocations     | 3 |  3.0
Necromancy     | |  5.6
Earth Magic    | |  5.6

Action                   |  1- 3 |  4- 6 || total
-------------------------+-------+-------++-------
Melee: Club              |    20 |       ||    20
       Spear             |    41 |       ||    41
       Bite              |     6 |     4 ||    10
       Staff             |     2 |    11 ||    13
       War axe           |       |    17 ||    17
 Cast: Sandblast         |    25 |    35 ||    60
       Cigotuvi's Dreadf |     1 |       ||     1
  Use: Scroll            |       |     4 ||     4
       Potion            |       |     1 ||     1
Armor: Leather armour    |    19 |     9 ||    28
Dodge: Dodged            |    29 |    50 ||    79
Block: Buckler           |    12 |    19 ||    31

Table legend: (Time is in decaauts)
 A = Elapsed time spent in this place.
 B = Non-inter-level travel time spent in this place.
 C = Inter-level travel time spent in this place.
 D = Time resting spent in this place.
 E = Time spent auto-exploring this place.
 F = Levels seen in this place.
 G = Mean time per level.
                   A        B        C        D        E       F      G
               +--------+--------+--------+--------+--------+-----+--------+
         Total |   2934 |   2862 |     72 |    205 |   1935 |   5 |  586.8 |
       Dungeon |   2694 |   2622 |     72 |    144 |   1883 |   4 |  673.5 |
         Sewer |    240 |    240 |      0 |     61 |     52 |   1 |  240.0 |
               +--------+--------+--------+--------+--------+-----+--------+

Top non-repeatable levels by time:
     D:1: 994 daAuts
     D:3: 840 daAuts
     D:2: 665 daAuts
   Sewer: 240 daAuts
     D:4: 194 daAuts
